 Dungeon Crawl Stone Soup version 0.31.0-11-ge490571c62 (webtiles) character file.

Game seed: 14227518761381841686

530 PriceMaster the Sneak (level 7, -3/42 HPs)
             Began as an Octopode Hedge Wizard on Jan 29, 2024.
             Was a Priest of Jiyva.
             Slain by an ice beast (9 damage)
             ... on level 6 of the Dungeon on Jan 30, 2024.
             The game lasted 00:10:57 (4820 turns).

PriceMaster the Sneak (Octopode Hedge Wizard)       Turns: 4820, Time: 00:10:58

Health: -3/42      AC:  2    Str: 11    XL:     7   Next: 24%
Magic:  13/14      EV: 13    Int: 17    God:    Jiyva [***...]
Gold:   67         SH:  0    Dex: 11    Spells: 10/16 levels left

rFire   . . .        a - +0 dagger
rCold   . . .        (no shield)
rNeg    . . .        b - +1 hat
rPois   .            f - amulet of magic regeneration
rElec   .            (no ring)
rCorr   +            (no ring)
SInv    .            (no ring)
Will    +....        (no ring)
Stlth   ++++         (no ring)
HPRegen 1.39/turn    (no ring)
MPRegen 1.10/turn    (no ring)
                     (no ring)

%: no passive effects
@: on blink cooldown, very slightly contaminated
A: almost no armour, amphibious, 8 rings, camouflage 1, gelatinous body 1,
(nimble swimmer 1), tentacles, tentacle spike 3, strong-willed 1, wild magic 1,
tendrils, MP-powered wands
a: Renounce Religion, Oozemancy


You were on level 6 of the Dungeon.
You worshipped Jiyva.
Jiyva was most pleased with you.
You visited 1 branch of the dungeon, and saw 6 of its levels.

You collected 67 gold pieces.

Inventory:

Hand Weapons
 a - a +0 dagger (weapon)
Armour
 b - a +1 hat (worn)
Jewellery
 f - an amulet of magic regeneration (around mantle)
 g - an amulet of regeneration
 m - a ring of protection from cold
Scrolls
 e - 2 scrolls of identify
 h - a scroll of enchant weapon
 i - a scroll of noise {unknown}
 j - a scroll of revelation {unknown}
 k - 4 scrolls of fog {unknown}
 l - a scroll of vulnerability {unknown}
Potions
 c - 2 potions of magic


   Skills:
 + Level 0.7 Fighting
 + Level 1.0 Short Blades
 + Level 2.8 Dodging
 + Level 5.3 Stealth
 + Level 5.2 Spellcasting
 + Level 3.3 Conjurations
 + Level 1.0 Summonings
 + Level 1.1 Translocations
 + Level 1.0 Air Magic
 + Level 1.0 Alchemy


You had 10 spell levels left.
You knew the following spells:

 Your Spells              Type           Power      Damage    Failure   Level
a - Magic Dart            Conj           80%        1d7       6%          1
b - Blink                 Tloc           20%        N/A       19%         2
c - Mephitic Cloud        Conj/Alch/Air  13%        N/A       28%         3

Your spell library contained the following spells:

 Spells                   Type           Power      Damage    Failure   Level
 Slow                     Hex            20%        N/A       21%         1
 Call Imp                 Summ           20%        N/A       21%         2
 Cigotuvi's Dreadful Rot  Necr/Alch/Air  16%        N/A       22%         2


Dungeon Overview and Level Annotations

Branches:
Dungeon (6/15)
 Temple: D:4-7

Altars:
Ashenzari
Dithmenos
Gozag
Hepliaklqana
Nemelex Xobeh
Wu Jian
Xom
Jiyva

Shops:
D:4 *


Innate Abilities, Weirdness & Mutations

You cannot wear most types of armour.
You are amphibious.
You can wear up to eight rings at the same time.
Your skin changes colour to match your surroundings (Stealth+).
Your rubbery body absorbs attacks. (AC +1, EV +1)
((You are camouflaged when in or above water. (Stealth+)))
You have tentacles for arms and can constrict up to eight enemies at once.
One of your tentacles bears a large vicious spike.
You are strong-willed. (Will+)
Your spells are a little harder to cast, but a little more powerful.
You are covered in slimy tendrils that may disarm your opponents.
You expend magic power (3 MP) to strengthen your wands.


Message History

Okay, then.
Casting: Magic Dart (safe; 6% risk of failure)
Confirm with . or Enter, or press ? or * to list all spells.
You blink.
Aiming: Magic Dart (safe; 6% risk of failure)
Press: ? - help, Q - select action, (/) - cycle Shift-Dir - straight line, f/p - ice beast
Aim: an ice beast (translocational energy, severely wounded, 100% to hit)
The magic dart hits the ice beast but does no damage.
The ice beast is severely wounded.
Aiming: Magic Dart (safe; 6% risk of failure)
Press: ? - help, Q - select action, (/) - cycle Shift-Dir - straight line, f/p - ice beast
Aim: an ice beast (severely wounded, 100% to hit)
Okay, then.
Casting: Magic Dart (safe; 6% risk of failure)
Confirm with . or Enter, or press ? or * to list all spells.
You can't see any susceptible monsters within range! (Use Z to cast anyway.)
Casting: Magic Dart (safe; 6% risk of failure)
Confirm with . or Enter, or press ? or * to list all spells.
Aiming: Mephitic Cloud (quite dangerous; 28% risk of failure)
Press: ? - help, Shift-Dir - straight line, f/p - ice beast
Aim: an ice beast (severely wounded, not susceptible)
You miscast Mephitic Cloud.
You are very lightly contaminated with residual magic.
Nothing appears to happen.
Okay, then.
You aren't carrying any items that you can evoke.
Hit: a) +0 dagger
Press: ? - help, Dir - move target, f/p - ice beast
Aim: an ice beast (severely wounded, about 40% to evade your +0 dagger)
Okay, then.
You closely miss the ice beast. You squeeze the ice beast.
The ice beast is severely wounded.
The ice beast closely misses you.
You hit the ice beast.
You pierce the ice beast, but do no damage.
The ice beast is severely wounded.
The ice beast hits you.
* * * LOW HITPOINT WARNING * * *
The ice beast freezes you!
You die...

.≈§≈ ≈... §§§≈ ≈§.. ####
§§._ ... ≈≈.. ♣♣♣♣.♣♣♣♣##
≈.§≈ +.........## .≈.§.
#...#@♣..## ##..§≈§
#._.#Y♣... #.#####
.♣.#...#.♣.## #.##.##
............## #.##.#.
.♣♣♣♣+♣♣♣♣...######.##.#.
##.......#.##...
##.##.#.....#.#
#.##.##..###.# #..#.#...#
#.#


You could see an ice beast.

Vanquished Creatures
  2 black bears
  An ogre (D:5)
  2 scorpions (D:6)
  A hound (D:6)
  A sleepcap (D:6)
  Natasha (D:2)
  2 adders (D:2)
  2 ufetubi (D:5)
  2 dart slugs
  2 orcs
  3 ball pythons
  2 bats
  An endoplasm (D:1)
  3 giant cockroaches
  2 goblins
  3 hobgoblins
  2 quokkas
  3 frilled lizards
  2 kobolds
37 creatures vanquished.

Vanquished Creatures (others)
  A bullfrog (D:6)
  A hound (D:5)
  3 jellies
  Natasha (twice) (D:2)
  Terence (D:2)
  2 iguanas
  Robin (D:2)
  2 adders (D:3)
  A white imp (D:5)
  2 dart slugs (D:3)
  4 endoplasms
  2 ribbon worms (D:3)
  3 orcs (D:3)
  15 goblins
  2 hobgoblins
  2 quokkas
  4 bats
  2 frilled lizards
  A rat (D:3)
51 creatures vanquished.

Grand Total: 88 creatures vanquished

Notes
Turn   | Place    | Note
-------+----------+-------------------------------------------
     0 | D:1      | PriceMaster the Octopode Hedge Wizard began the quest for
                  | the Orb.
     0 | D:1      | Reached XP level 1. HP: 11/11 MP: 4/4
   185 | D:1      | Reached XP level 2. HP: 17/17 MP: 1/6
   257 | D:1      | Learned a level 2 spell: Blink
   449 | D:1      | Found a faded altar of an unknown god.
   580 | D:1      | Prayed at the altar of an unknown god.
   580 | D:1      | Became a worshipper of Jiyva Jeutwod the Shapeless
   580 | D:1      | Reached * piety under Jiyva
   607 | D:2      | Reached XP level 3. HP: 20/21 MP: 8/8
   733 | D:2      | Noticed Natasha
   741 | D:2      | Killed Natasha
   742 | D:2      | Reached XP level 4. HP: 25/27 MP: 10/10
   816 | D:2      | Killed Natasha
   899 | D:2      | Killed Robin
   899 | D:2      | Killed Terence
   972 | D:2      | Killed Natasha
  1019 | D:2      | Reached ** piety under Jiyva
  1160 | D:3      | Found a shimmering altar of Xom.
  1225 | D:3      | Learned a level 3 spell: Mephitic Cloud
  1824 | D:4      | Found Xehestej's Assorted Antiques.
  1938 | D:4      | Reached *** piety under Jiyva
  2127 | D:4      | Gained mutation: You have hidden genetic potential.
                  | [Jiyva's grace]
  2127 | D:4      | Gained mutation: You have great hidden genetic potential.
                  | [Jiyva's grace]
  2127 | D:4      | Gained mutation: You expend magic power (3 MP) to
                  | strengthen your wands. [Jiyva's grace]
  2127 | D:4      | Gained mutation: Your mind is acute. (Int +4, Str/Dex -1)
                  | [Jiyva's grace]
  3134 | D:5      | Entered Level 5 of the Dungeon
  3235 | D:5      | Noticed a black bear
  3245 | D:5      | Killed a black bear
  3246 | D:5      | Reached XP level 5. HP: 19/31 MP: 11/11
  3252 | D:5      | Gained mutation: Your spells are a little harder to cast,
                  | but a little more powerful. [hidden potential]
  3302 | D:5      | Noticed an ogre
  3319 | D:5      | Found a hazy altar of Hepliaklqana.
  3325 | D:5      | Killed an ogre
  3326 | D:5      | Reached skill level 1 in Short Blades
  3326 | D:5      | Reached XP level 6. HP: 36/36 MP: 11/13
  3584 | D:5      | Reached **** piety under Jiyva
  3794 | D:5      | Found a sparkling altar of Nemelex Xobeh.
  4292 | D:5      | Found a broken altar of Ashenzari.
  4409 | D:6      | Noticed a black bear
  4415 | D:6      | Reached skill level 5 in Stealth
  4418 | D:6      | Killed a black bear
  4419 | D:6      | Reached skill level 5 in Spellcasting
  4419 | D:6      | Reached skill level 1 in Air Magic
  4419 | D:6      | Reached XP level 7. HP: 41/42 MP: 14/14
  4672 | D:6      | Found a shadowy altar of Dithmenos.
  4721 | D:6      | Reached skill level 1 in Alchemy
  4723 | D:6      | Gained mutation: You are strong-willed. (Will+) [hidden
                  | potential]
  4723 | D:6      | Lost mutation: You have great hidden genetic potential.
                  | [hidden potential expressed]
  4778 | D:6      | Found an ornate altar of the Wu Jian Council.
  4782 | D:6      | Lost mutation: Your mind is acute. (Int +4, Str/Dex -1)
                  | [Jiyva's grace]
  4782 | D:6      | Lost mutation: You have hidden genetic potential. [Jiyva's
                  | grace]
  4782 | D:6      | Gained mutation: One of your tentacles bears a spike.
                  | [Jiyva's grace]
  4782 | D:6      | Gained mutation: One of your tentacles bears a nasty spike.
                  | [Jiyva's grace]
  4782 | D:6      | Gained mutation: One of your tentacles bears a large
                  | vicious spike. [Jiyva's grace]
  4782 | D:6      | Gained mutation: You are covered in slimy tendrils that may
                  | disarm your opponents. [Jiyva's grace]
  4801 | D:6      | Found an opulent altar of Gozag.
  4820 | D:6      | Slain by an ice beast

Illustrated notes

Levels and vault maps discovered:
D:1:      scummos_arrival_simple_crosswalls, layout_basic,
          shapermc_ecumenical_altar_gd, hangedman_decor_points
D:2:      layout_rooms, uniq_terence, uniq_natasha, uniq_robin
D:3:      layout_loops_ring, xom_confusion_cloud
D:4:      layout_loops_ring, nicolae_stop_n_shop_2, chequers_mini_garden
D:5:      layout_loops_cross, marbit_many_paths, nemelex_diamond_rough_becter,
          mainiacjoe_overflow_brackets
D:6:      layout_rooms, mainiacjoe_overflow_paths,
          pdpol_wu_jian_five_deadly_venoms, mainiacjoe_overflow_six_doors_small,
          nicolae_zig_zag_zippers

Skill      XL: |  1  2  3  4  5  6  7 |
---------------+----------------------+-----
Spellcasting   | 4 5 |  5.2
Stealth        | 3 4 5 |  5.3
Conjurations   | 2 3 |  3.3
Short Blades   | 1 |  1.0
Air Magic      | 1 |  1.0
Alchemy        | 1 |  1.0
Fighting       | |  0.7
Dodging        | |  2.8
Summonings     | |  1.0
Translocations | |  1.1

Action                     |  1- 3 |  4- 6 |  7- 9 || total
---------------------------+-------+-------+-------++-------
  Melee: Dagger            |    31 |    38 |    13 ||    82
         Constrict         |    11 |     7 |     1 ||    19
         Tentacles         |    11 |     6 |     3 ||    20
         Punch             |     1 |       |     1 ||     2
         Kick              |       |       |     4 ||     4
   Cast: Magic Dart        |    23 |    42 |     6 ||    71
         Mephitic Cloud    |       |     4 |     1 ||     5
         Blink             |       |     1 |     2 ||     3
 Invoke: Slimify           |       |     2 |       ||     2
         Oozemancy         |       |     1 |       ||     1
    Use: Potion            |     1 |     2 |       ||     3
         Scroll            |       |     2 |       ||     2
   Stab: Sleeping          |     1 |     4 |       ||     5
 Armour: Skin              |     8 |    26 |     9 ||    43
  Dodge: Dodged            |    16 |    45 |     8 ||    69
